 Dungeon Crawl Stone Soup version 0.25-a0-578-gc91f01c39c (webtiles) character file.

Game seed: 9837977872324660811, levelgen mode: deterministic

1423 Flugslaktarn the Chopper (level 8, 56/74 HPs)
             Began as a Deep Dwarf Fighter on Mar 3, 2020.
             Quit the game on level 6 of the Dungeon.
             The game lasted 00:02:14 (2725 turns).

Flugslaktarn the Chopper (Deep Dwarf Fighter)       Turns: 2725, Time: 00:02:14

Health: 56/74      AC:  7    Str: 25    XL:     8   Next: 44%
Magic:  4/4        EV:  8    Int:  8    God:
Gold:   315        SH: 10    Dex: 12    Spells: 7/7 levels left

rFire    . . .     SeeInvis .   a - +0 war axe
rCold    . . .     Gourm    .   c - +0 kite shield
rNeg     . . .     Faith    .   b - +0 scale mail
rPois    .         Spirit   .   (no helmet)
rElec    .         Reflect  .   (no cloak)
rCorr    .         Harm     .   h - +1 pair of gloves
MR       +....                  s - +0 pair of boots
Stlth    ..........             (no amulet)
HPRegen  0.00/turn              (no ring)
MPRegen  0.09/turn              (no ring)

@: non-regenerating, drained
A: damage resistance, heal wounds, deformed body, sense surroundings 1, strong
1, evolution 1, no regeneration
a: Heal Wounds


You were on level 6 of the Dungeon.
You were not hungry.

You visited 2 branches of the dungeon, and saw 8 of its levels.

You collected 573 gold pieces.
You spent 258 gold pieces at shops.

Inventory:

Hand Weapons
 a - a +0 war axe (weapon)
Missiles
 u - a throwing net (quivered)
Armour
 b - a +0 scale mail (worn)
 c - a +0 kite shield (worn)
 h - a +1 pair of gloves (worn)
   (You found it on level 4 of the Dungeon)
 s - a +0 pair of boots (worn)
   (You found it on level 4 of the Dungeon)
Jewellery
 g - an uncursed ring of magical power {unknown}
   (You found it on level 5 of the Dungeon)
 n - an uncursed ring of stealth {unknown}
   (You found it on level 4 of the Dungeon)
Scrolls
 j - a scroll of enchant armour
 l - 2 scrolls of remove curse {unknown}
 p - a scroll of random uselessness {unknown}
 r - 4 scrolls of identify
 t - 6 scrolls of teleportation
Potions
 d - a potion of might
 f - a potion of resistance {unknown}
 k - a potion of ambrosia
 m - a potion of heal wounds {unknown}
 o - a potion of stabbing {unknown}
 q - 3 potions of curing
 v - a potion of flight {unknown}
Comestibles
 e - 4 rations
 w - 2 chunks of flesh


   Skills:
 + Level 5.0(4.3) Fighting
 * Level 7.5(6.7) Axes
 + Level 6.0(5.3) Armour
 + Level 6.1(5.3) Shields


You had 7 spell levels left.
You didn't know any spells.
Your spell library was empty.

Dungeon Overview and Level Annotations

Branches:
Dungeon (7/15)             Temple (1/1) D:4

Altars:
Ashenzari
Cheibriados
Dithmenos
Elyvilon
Fedhas
Hepliaklqana
Kikubaaqudgha
Nemelex Xobeh
Okawaru
Qazlal
Ru
Sif Muna
Trog
Vehumet
Wu Jian
Xom
Yredelemnul
Zin
The Shining One

Shops:
D:5 *   D:6 !}


Innate Abilities, Weirdness & Mutations

You are resistant to damage.
You can heal yourself by infusing magical energy.
You passively map a small area around you.
You do not regenerate.
Armour fits poorly on your strangely shaped body.
Your muscles are strong. (Str +2)
You evolve.


Message History

You now have 539 gold pieces (gained 15).
There is an entrance to Usmist's Distillery here.
You can access your shopping list by pressing '$'.
Unknown command.
i - 3 potions of mutation (gained 2) Thank you for shopping at Usmist's Distillery!
You can access your shopping list by pressing '$'.
Really quaff the potion of mutation?
You feel extremely strange.
Yellow scales grow over part of your body.
You feel the urge to shout.
Really quaff the potion of mutation?
You feel extremely strange.
Your urge to shout disappears.
You feel frail.
You feel jittery.
Really quaff the potion of mutation?
You feel extremely strange.
You feel robust.
You no longer feel jittery.
Your yellow scales disappear.
You feel stronger.
Your body twists and deforms.
You feel nature experimenting on you.
Don't worry, failures die fast.
Are you sure you want to abandon this character and quit the game? (Confirm with "yes".)

#..............≈≈≈ * #
#..........[.≈≈≈≈≈≈ ,
#...........≈≈≈≈≈≈≈ ,
+......∩...≈≈≈≈≈≈≈≈≈ ≈ ,
#..........≈≈≈≈..P≈≈ , *
* #.........≈≈≈≈PP♣P.≈≈≈
,
#......(..≈≈≈≈<♣_♣>≈≈≈≈
#.........)≈≈≈.P♣♣P≈≈≈≈,
#.........@≈≈≈≈..P≈≈≈≈.,
#..........≈≈≈≈≈≈≈≈≈≈≈.
,
#...........≈≈≈≈≈≈≈≈≈..
,,,
##########..≈≈≈≈≈≈≈...
##...≈≈≈.[.#
###......###* ,
#.>....... * ##########


There were no monsters in sight!

Vanquished Creatures
  Maggie (D:6)
  Edmund (D:5)
  A sky beast (D:5)
  An ice beast (D:5)
  An ogre (D:5)
  A centaur (D:5)
  4 wights (D:7)
  2 crimson imps (D:5)
  4 hounds (D:5)
  An orc priest (D:5)
  A centaur skeleton (D:4)
  2 bullfrog skeletons (D:5)
  An iguana (D:5)
  3 worker ants
  A killer bee zombie (D:7)
  A worker ant zombie (D:5)
  4 adders
  A howler monkey skeleton (D:4)
  An adder zombie (D:5)
  An adder skeleton (D:4)
  3 leopard geckos
  3 orcs (D:5)
  2 giant cockroaches
  A goblin (D:2)
  2 hobgoblins (D:1)
  2 jackals (D:5)
  2 quokkas
  4 frilled lizards
  A kobold (D:1)
  2 leopard gecko skeletons (D:5)
  A leopard gecko zombie (D:5)
  A quokka skeleton (D:4)
57 creatures vanquished.

Notes
Turn   | Place    | Note
-------+----------+-------------------------------------------
     0 | D:1      | Flugslaktarn the Deep Dwarf Fighter began the quest for the
                  | Orb.
     0 | D:1      | Reached XP level 1. HP: 20/20 MP: 1/1
   176 | D:2      | Found an iron altar of Okawaru.
   256 | D:4      | Noticed a worker ant
   262 | D:4      | Killed a worker ant
   262 | D:4      | Reached skill level 3 in Axes
   262 | D:4      | Reached XP level 2. HP: 16/27 MP: 2/2
   262 | D:4      | Reached XP level 3. HP: 19/33 MP: 3/3
   576 | D:5      | Entered Level 5 of the Dungeon
   609 | D:5      | Reached XP level 4. HP: 16/42 MP: 4/4
   692 | D:5      | Noticed Edmund
   702 | D:5      | Reached skill level 4 in Axes
   702 | D:5      | Reached XP level 5. HP: 33/49 MP: 5/5
   709 | D:5      | Killed Edmund
   709 | D:5      | Reached XP level 6. HP: 46/56 MP: 5/5
   766 | D:5      | Found Jet Buqo's Assorted Antiques.
   791 | D:5      | Bought an emerald potion for 16 gold pieces
   791 | D:5      | Bought a scroll labeled POORIXORYJ for 18 gold pieces
   805 | D:5      | Reached skill level 5 in Axes
  1017 | D:5      | Noticed an ice beast
  1036 | D:5      | Killed an ice beast
  1076 | D:5      | Noticed a sky beast
  1092 | D:5      | Killed a sky beast
  1092 | D:5      | Reached skill level 5 in Armour
  1092 | D:5      | Reached skill level 5 in Shields
  1092 | D:5      | Reached XP level 7. HP: 40/64 MP: 6/6
  1302 | D:5      | Reached skill level 6 in Axes
  1727 | D:4      | Found a staircase to the Ecumenical Temple.
  1747 | Temple   | Entered the Ecumenical Temple
  2479 | D:4      | Found a bloodstained altar of Trog.
  2592 | D:6      | Found Maschemok's Gadget Shoppe.
  2623 | D:6      | You fall into a shaft and drop 1 floor!
  2641 | D:7      | Reached XP level 8. HP: 40/73 MP: 6/6
  2671 | D:7      | Reached skill level 7 in Axes
  2681 | D:6      | Found a blossoming altar of Fedhas.
  2683 | D:6      | Noticed Maggie
  2685 | D:6      | Found Usmist's Distillery.
  2706 | D:6      | Killed Maggie
  2706 | D:6      | Reached skill level 5 in Fighting
  2717 | D:6      | Bought 2 potions of mutation for 224 gold pieces
  2717 | D:6      | Gained mutation: You are partially covered in yellow
                  | scales. (AC +2) [potion of mutation]
  2717 | D:6      | Gained mutation: You occasionally shout uncontrollably at
                  | your foes. [potion of mutation]
  2718 | D:6      | Lost mutation: You occasionally shout uncontrollably at
                  | your foes. [potion of mutation]
  2718 | D:6      | Gained mutation: You are frail. (-10% HP) [potion of
                  | mutation]
  2718 | D:6      | Gained mutation: You can translocate small distances at
                  | will. [potion of mutation]
  2719 | D:6      | Lost mutation: You are frail. (-10% HP) [potion of
                  | mutation]
  2719 | D:6      | Lost mutation: You can translocate small distances at will.
                  | [potion of mutation]
  2719 | D:6      | Lost mutation: You are partially covered in yellow scales.
                  | (AC +2) [potion of mutation]
  2719 | D:6      | Gained mutation: Your muscles are strong. (Str +2) [potion
                  | of mutation]
  2719 | D:6      | Gained mutation: Armour fits poorly on your strangely
                  | shaped body. [potion of mutation]
  2719 | D:6      | Gained mutation: You evolve. [potion of mutation]
  2725 | D:6      | Quit the game

Levels and vault maps discovered:
D:1:      dpeg_arrival_solitude, layout_basic, minmay_statues_item
D:2:      layout_loops_ring, old_standard_altar, lemuel_round_altar,
          chequers_ecumenical_altar_island, moated_statue, minmay_quantized
D:3:      layout_loops_ring, ebering_ghost_sewer_d, first_ration,
          minmay_starry_boxes
D:4:      layout_basic, kennysheep_mini_moat, minmay_temple_entry_mist
D:5:      minmay_polygon_palace, layout_basic, serial_shops, shop,
          kennysheep_generic_room_4, uniq_edmund
D:6:      layout_basic, serial_shops, shop, shop, shop, kennysheep_little_box,
          shop, fedhas_ov_isle_minmay, uniq_maggie
D:7:      layout_cave_pools, dancing_weapons_uskayaw
Temple:   regret_index_temple_sphere_string

Skill      XL: |  1  2  3  4  5  6  7  8 |
---------------+-------------------------+-----
Axes           | 3 4 5 6 7 |  7.5
Fighting       | 3 4 5 |  5.0
Armour         | 4 5 6 |  6.0
Shields        | 4 5 6 |  6.1

Action                   |  1- 3 |  4- 6 |  7- 9 || total
-------------------------+-------+-------+-------++-------
Melee: War axe           |    52 |    86 |   135 ||   273
 Abil: Heal Wounds       |     1 |     4 |    11 ||    16
  Use: Scroll            |       |     6 |       ||     6
       Potion            |       |       |     3 ||     3
  Eat: Chunk             |       |       |     4 ||     4
       Ration            |       |       |     1 ||     1
Armor: Scale mail        |    20 |    46 |    69 ||   135
Dodge: Dodged            |    15 |    19 |    55 ||    89
Block: Kite shield       |    25 |    42 |    91 ||   158

Table legend:
 A = Non-vault XP
 B = Vault XP
 C = Vault XP percentage of total XP
 D = Non-vault monster count
 E = Vault monster count
 F = Vault count percentage of total count
                 A         B        C        D         E       F
            +---------+---------+-------+---------+---------+-------
      Total |    1114 |     919 |  45.2 |      46 |      11 |  19.3
            +---------+---------+-------+---------+---------+-------
        D:1 |       5 |       0 |   0.0 |       3 |       0 |   0.0
        D:2 |       5 |       0 |   0.0 |       3 |       0 |   0.0
        D:3 |       1 |       0 |   0.0 |       1 |       0 |   0.0
        D:4 |     148 |       0 |   0.0 |      11 |       0 |   0.0
        D:5 |     668 |     521 |  43.8 |      21 |      10 |  32.3
        D:6 |       0 |     398 | 100.0 |       0 |       1 | 100.0
        D:7 |     285 |       0 |   0.0 |       6 |       0 |   0.0
     Temple |       2 |       0 |   0.0 |       1 |       0 |   0.0
            +---------+---------+-------+---------+---------+-------
